[Event "HSK GM Invitational 2022"]
[Site "Hamburg"]
[Date "2022.05.26"]
[Round "8.1"]
[White "Prohaszka, Peter"]
[Black "Mendonca, Leon Luke"]
[Result "1/2-1/2"]
[ECO "A46"]
[WhiteElo "2579"]
[BlackElo "2551"]
[Annotator "TA"]
[PlyCount "144"]
[EventDate "2022.05.20"]
[EventType "tourn"]
[EventCountry "GER"]
[SourceTitle "playchess.com"]
[Source "ChessBase"]
[SourceQuality "1"]
[TimeControl "40/5400+30:1800+30"]

1. Nf3 Nf6 2. g3 d5 3. Bg2 e6 4. d4 b5 5. O-O Nbd7 6. Bf4 {[%emt 0:07:56] A46: 1 d4 Nf6 2 Nf3 e6: Torre, London and Colle Systems.} c5 7. c3 (7. Nc3 $5 a6 8. e4 dxe4 9. Ng5 $14) 7... Bb7 8. a4 {[%emt 0:07:16] White is slightly better.} b4 9. a5 bxc3 10. Nxc3 {[%emt 0:01:08] [#]} Be7 $146 (10... Rc8 $1 $14) ({Predecessor:} 10... a6 11. dxc5 Bxc5 12. Ne5 Nxe5 13. Bxe5 O-O 14. Na4 Qxa5 15. Qb3 Bb4 16. Bd4 Qb5 {0-1 (38) Cosma,E (2324)-Deac,B (2559) Medias 2016}) 11. dxc5 {[%emt 0:17:51] White is more active.} Bxc5 12. b4 ({White should try} 12. a6 $16 Bc6 13. Nd4 Bxd4 14. Qxd4) 12... Bxb4 $11 13. Qb3 Bxc3 (13... Bxa5 $11 14. Rxa5 Qxa5 15. Qxb7 O-O) 14. Qxc3 $14 {[%emt 0:00:13] And now Qb4 would win.} Ba6 15. Qa3 Ne4 $1 (15... Bxe2 $2 16. Nd4 Bxf1 17. Nc6 $18) 16. Nd2 $36 {[%emt 0:02:20][%mdl 2048] White fights for an advantage.} Qe7 (16... Bxe2 17. Bxe4 Bxf1 18. Rxf1 $18) ({Black should play} 16... Nxd2 $14 17. Bxd2 h6) 17. Nxe4 $16 Qxa3 18. Rxa3 dxe4 19. Bxe4 Rc8 20. Bd3 Bxd3 21. Rxd3 Ke7 22. Rb1 $1 Nc5 {[%emt 0:01:25] Inhibits Rb7+.} 23. Rc3 {[%emt 0:03:01] Hoping for Rbc1.} Rc6 24. Be5 f6 25. Bd4 Rhc8 26. Bxc5+ Rxc5 $18 {[%emt 0:00:03][%mdl 4096] Endgame KRR-KRR} 27. Rb7+ Kf8 (27... Kd6 $142 28. Rd3+ Ke5) 28. Rxc5 Rxc5 29. Rxa7 {[%emt 0:00:06] KR-KR} h5 30. f3 Rc3 31. Rb7 {[%emt 0:00:35] Black must now prevent a6.} Ra3 32. Rb5 Kf7 33. Kf2 (33. Rxh5 $6 Ra1+ 34. Kf2 f5 $16) (33. f4 $18) 33... g5 $16 34. h4 Kg6 35. hxg5 fxg5 36. f4 (36. Rb6 $1 $16 ) 36... gxf4 $14 37. gxf4 {[%emt 0:00:01] Strongly threatening Rg5+.} h4 38. Kg2 Kf6 39. Re5 Rg3+ 40. Kh2 {[%emt 0:00:05] e3 is the strong threat.} Ra3 41. e3 {[%emt 0:33:44] Threatens to win with Kh3.} Ra1 42. Kh3 Rh1+ $1 43. Kg4 h3 44. Kg3 (44. Rh5 h2 45. Kh3 Re1 46. Kxh2 Rxe3 $16) 44... Ke7 $2 {[%emt 0:01:31][%mdl 8192] [#]} (44... Kf7 $14) 45. Rh5 $2 (45. f5 $1 $18 Kf6 46. Re4 (46. Rxe6+ Kxf5 47. Re8 Ra1 $18) 46... Kxf5 47. Ra4) 45... Re1 $1 46. Kf3 (46. Rxh3 $6 Rxe3+ 47. Kg4 Re4 $16) 46... Ra1 47. Kg3 Re1 $1 48. Re5 $2 (48. Rxh3 Rxe3+ 49. Kg4 Re4 $14) (48. Kf2 $11 Ra1 49. Kg3 (49. Rxh3 Rxa5 50. e4 Ke8 $14)) 48... Rh1 $1 $18 {[%emt 0:00:01] [#]} 49. e4 $2 (49. f5 $1 $18 Kf6 50. Re4 (50. Rxe6+ Kxf5 51. Rh6 Ra1 $11) 50... Kxf5 51. Rf4+ Ke5 52. Ra4) 49... Kf7 50. Rh5 Re1 $2 (50... Kg6 $14 51. Rc5 (51. Rxh3 Ra1 $16) 51... Re1 52. f5+ (52. Kxh3 Rxe4 53. Kg3 Ra4 $16) 52... Kg5) 51. Rh8 $2 (51. Rxh3 $18 Rxe4 52. Rh8) 51... Kg7 $1 $11 {[%emt 0:02:46] The position is equal.} 52. Rxh3 Rxe4 53. Rh5 Ra4 54. Kg4 Kf6 55. Re5 Ra3 56. Rh5 Kg6 57. Rc5 Kf6 58. Re5 Rc3 59. Rh5 Ra3 60. Rh6+ Kg7 61. Rxe6 Rxa5 62. Rb6 Kf7 63. Rb7+ Kf6 64. Rh7 Rb5 65. Rh6+ Kf7 66. Ra6 Rc5 67. f5 Rc1 68. Rg6 Rg1+ 69. Kh5 Rh1+ 70. Kg5 Rg1+ 71. Kf4 Rxg6 72. fxg6+ Kxg6 {[%emt 0:00:06] Weighted Error Value: White=0.55/Black=0.17 (very precise)} 1/2-1/2

[Event "HSK GM Invitational 2022"]
[Site "Hamburg"]
[Date "2022.05.26"]
[Round "8.2"]
[White "Souleidis, Georgios"]
[Black "Woelk, Tom-Frederic"]
[Result "1-0"]
[ECO "B47"]
[WhiteElo "2430"]
[BlackElo "2315"]
[Annotator "TA"]
[PlyCount "101"]
[EventDate "2022.05.20"]
[EventType "tourn"]
[EventCountry "GER"]
[SourceTitle "playchess.com"]
[Source "ChessBase"]
[SourceQuality "1"]
[TimeControl "40/5400+30:1800+30"]

1. e4 c5 2. Nf3 e6 3. d4 cxd4 4. Nxd4 Nc6 5. Nc3 Qc7 6. f4 a6 7. Nxc6 Qxc6 8. Bd3 b5 9. Qe2 Bb7 10. Bd2 Bb4 {[%emt 0:09:22] B47: Sicilian: Taimanov: 5 Nc3 Qc7 6 f4, 6 g3 and 6 Be2.} 11. O-O-O Nf6 12. Rhe1 {[%emt 0:01:40] [#]} Be7 $146 {[%emt 0:21:27] White is slightly better.} ({Predecessor:} 12... O-O 13. Kb1 Rfe8 14. g4 d6 15. g5 Nd7 16. Qh5 g6 17. Qh6 d5 18. Qh4 Bf8 {1-0 (32) Renet,O (2532)-Moor,R (2410) Switzerland 2018}) 13. a3 b4 14. axb4 Bxb4 15. Kb1 (15. g4 $16) 15... O-O $11 16. g4 d5 (16... Rfb8 $11) 17. e5 d4 18. Ne4 (18. exf6 dxc3 19. Qe5 (19. fxg7 Rfd8 $11) 19... Rfc8 $11) ({Better is} 18. Na2 $14 Bxd2 19. Rxd2) 18... Nxe4 (18... Nd5 $11 {keeps the balance.}) 19. Bxe4 ({Resist} 19. Bxb4 Nc5 $14) (19. Qxe4 $142 Qxe4 20. Bxe4 Bxd2 21. Rxd2 Bxe4 22. Rxe4) 19... Qb6 $16 20. Bxb4 Qxb4 21. Bxb7 Rab8 22. Qe4 Rfd8 {[%emt 0:02:16] [#] Black is on the road to losing.} (22... Rxb7 $14 23. Qxd4 h5) 23. Rd3 $1 {[%emt 0:00:37] And now Rb3 would win.} Qxb7 (23... Rxb7 $2 24. Rb3 $18) 24. Qxb7 Rxb7 {[%emt 0:00:06][%mdl 4096] Endgame [#] KRR-KRR} 25. Red1 $1 Rdb8 26. b3 ({Don't play} 26. Rxd4 $6 Rxb2+ 27. Kc1 Kf8 $11) 26... g5 27. Rxd4 gxf4 28. Rxf4 Rb5 (28... a5 $16 29. Kb2 Rc7) 29. Rd7 $18 Rf8 {[%emt 0:00:57] [#]} 30. Re4 a5 31. Kb2 Rfb8 32. Ka3 Rc5 33. c4 Kg7 34. Ra7 ({Much less strong is} 34. Rf4 Rf8 35. Re4 Rh8) 34... Kg6 (34... h6 {was worth a try.} 35. Kb2 Kg8) 35. h4 Kg7 36. g5 Kg6 37. Rf4 Rxe5 38. Rfxf7 Re3 39. Rg7+ Kf5 40. Rxa5+ e5 41. Rb5 Re8 42. Rxh7 Rg3 43. Rbb7 e4 44. Rhe7 Ra8+ 45. Kb4 e3 46. g6 Kg4 47. g7 Kxh4 48. Re4+ Kh3 49. Rbe7 Rb8+ 50. Kc5 Rxb3 {[%emt 0:00:00] [#]} 51. Rxe3 $3 {[%emt 0:00:00][%mdl 512] Weighted Error Value: White=0.10 (very precise) /Black=0.30} 1-0

[Event "HSK GM Invitational 2022"]
[Site "Hamburg"]
[Date "2022.05.26"]
[Round "8.3"]
[White "Trent, Lawrence"]
[Black "Carlstedt, Jonathan"]
[Result "1-0"]
[ECO "B23"]
[WhiteElo "2398"]
[BlackElo "2444"]
[Annotator "TA"]
[PlyCount "107"]
[EventDate "2022.05.20"]
[EventType "tourn"]
[EventCountry "GER"]
[SourceTitle "playchess.com"]
[Source "ChessBase"]
[SourceQuality "1"]
[TimeControl "40/5400+30:1800+30"]

1. e4 c5 2. Nc3 Nc6 3. Bb5 Nd4 4. Nf3 a6 5. Bd3 g6 6. O-O {[%emt 0:15:35] B23: Closed Sicilian: Lines without g3.} Bg7 7. Re1 Nh6 {[%emt 0:07:36] [#]} 8. e5 $146 (8. Rb1 $11 {feels stronger.}) ({Predecessor:} 8. Rb1 d6 9. h3 Nc6 10. a3 b5 11. Nd5 e6 12. Ne3 O-O 13. c4 b4 14. axb4 Nxb4 {1-0 (58) Matinian,N (2454)-Fedoseev,V (2704) Chess.com INT 2022}) 8... O-O $15 9. h3 d6 10. exd6 Qxd6 11. Nxd4 cxd4 12. Ne4 Qc7 13. b3 Rd8 14. a4 Be6 15. Ba3 Bd5 16. Bc4 Bc6 17. a5 e5 18. Bb4 Kh8 19. d3 Nf5 20. Ng5 Rd7 21. Qg4 h6 22. Ne4 Qd8 23. g3 Kh7 24. h4 h5 25. Ng5+ Kh8 26. Qh3 Nh6 27. Re2 Qf6 (27... Rc7 $11) 28. Rae1 $14 Ng4 29. Bd2 Bf8 30. Rf1 (30. f3 $5 Ne3 31. Bxe3 dxe3 32. Rf1 $14) 30... Bc5 (30... Bf3 $11 31. Ree1 Bd6) 31. f4 {[%emt 0:00:35] Threatens to win with fxe5.} Re8 (31... e4 $1 $14) 32. fxe5 $18 Rxe5 33. Rxe5 {[%emt 0:00:54] Dancing on a razor blade.} ({Only move:} 33. Rxf6 $18 Rxe2 34. Qf1 $1 (34. Rxf7 Rxd2 35. Qf1 Rxf7 $14) 34... Rxd2 35. Bxf7 (35. Nxf7+ Kg7 $11) 35... Rg2+ 36. Qxg2 Bxg2 37. Rxg6) 33... Qxe5 $11 34. Nxf7+ Rxf7 35. Rxf7 Qe2 36. Bg5 Qe1+ 37. Rf1 Qe2 38. Rf7 {[%emt 0:00:32] Strongly threatening Bf6+.} (38. Bf7 Be7 39. Bf4 (39. Bxg6 $2 Bxg5 40. Be4 Be3+ 41. Kh1 Bxe4+ 42. dxe4 Qxc2 $19) 39... Kh7 $17) 38... Qe1+ 39. Rf1 Qe2 40. b4 ({Reject} 40. Bf7 Be7 41. Bf4 (41. Bxg6 $2 Bxg5 42. Be4 Be3+ 43. Kh1 Bxe4+ 44. dxe4 Qxc2 $19) 41... Kh7 $15) 40... Be7 $40 {[%emt 0:02:31][%mdl 128] Black is up to no good.} 41. Bc1 Bxb4 (41... Qxc2 $5 42. Be6 Ne5 $11) 42. Bg5 Be7 {[%emt 0:00:36] ( -> ...Bxg5)} 43. Bf4 (43. Bc1 $1 $11 {and White is okay.}) 43... Bd6 $2 44. Bg5 Be7 $2 (44... Be5 $15) 45. Bf4 $19 Kg7 46. Bb3 {[%emt 0:03:31] [#]} Bd8 $2 (46... Kh7 $1 $19 {...Bb4 is the strong threat.} 47. Bc4 Bb4) 47. Bc1 $17 {[%emt 0:02:32] [#]} Ne5 $1 {[%emt 0:02:03][%mdl 1024] Inhibits Rf7+. Black has strong compensation.} 48. Bf4 Ng4 ({Black should play} 48... Nf3+ $17 49. Rxf3 Qxf3) 49. Bc1 $11 g5 50. Rf7+ (50. Bxg5 {is a self mate.} Bxg5 51. Rf7+ Kg6) 50... Kg6 51. Rf1 {[%emt 0:00:04] And now Bf7+ would win.} Bf3 52. hxg5 Bxa5 $2 {[%emt 0:01:37][%mdl 8192] [#]} (52... Bxg5 $11 53. Bf7+ Kxf7 54. Bxg5 Kg7) 53. Qxh5+ $3 Kxh5 (53... Kf5 54. Qh7+) 54. Bf7# {Never resign too early!  Weighted Error Value: White=0.35/Black=0.63} 1-0

[Event "HSK GM Invitational 2022"]
[Site "Hamburg"]
[Date "2022.05.26"]
[Round "8.4"]
[White "Colpe, Malte"]
[Black "Koellner, Ruben Gideon"]
[Result "1-0"]
[ECO "E01"]
[WhiteElo "2348"]
[BlackElo "2440"]
[Annotator "TA"]
[PlyCount "119"]
[EventDate "2022.05.20"]
[EventType "tourn"]
[EventCountry "GER"]
[SourceTitle "playchess.com"]
[Source "ChessBase"]
[SourceQuality "1"]
[TimeControl "40/5400+30:1800+30"]

1. d4 d5 2. c4 e6 3. Nc3 Nf6 4. Nf3 Be7 5. g3 Nbd7 6. Qd3 {[%emt 0:03:15] E01: Catalan: Early deviations.} dxc4 7. Qxc4 a6 8. Bf4 {[%emt 0:18:53] The position is equal.} c5 9. dxc5 Bxc5 10. b4 b5 11. Qb3 Be7 12. Bg2 {[%emt 0:01:39] aiming for Nd4.} Bb7 13. O-O {[%emt 0:01:31] [#]} Rc8 $146 ({Predecessor:} 13... O-O 14. Rac1 Rc8 15. a3 {½-½ (15) Krasenkow,M (2639)-Nyback,T (2639) Warsaw 2008}) 14. Rac1 Rc4 15. a3 Qa8 (15... O-O {feels hotter.} 16. Nd2 Bxg2 17. Kxg2 Qa8+) 16. Nb1 Nb6 17. Nbd2 Rxc1 18. Rxc1 O-O 19. Be3 Bd5 20. Qb2 Na4 21. Qc2 Ne4 22. Nxe4 Bxe4 {[%emt 0:00:06] [#]} 23. Ng5 $1 Bxc2 24. Bxa8 Bb3 25. Bb7 Bf6 26. Ne4 (26. Bxa6 Nc3 27. Kf1 Bc4 $15) 26... Bb2 27. Rc7 $36 {[%emt 0:01:12][%mdl 2048] Black is under pressure.} Bd5 (27... Bxa3 $11 {remains equal.} 28. Bxa6 Bc4) 28. Bxd5 $16 {[%emt 0:04:29] White is more active. Black is now going downhill.} exd5 29. Nc5 Nc3 (29... d4 $16 {was called for.} 30. Nxa4 Bxa3) 30. Nd3 $1 $18 (30. Nxa6 d4 31. Bd2 Nxe2+ 32. Kf1 Nc3 $11) 30... Ba1 (30... Nxe2+ $2 31. Kf1 $18) 31. Kf1 $1 {[%emt 0:00:33] Bd4 is the strong threat.} Na4 32. Rd7 ({White should play} 32. Ra7 $1 $18) 32... Bb2 (32... Ra8 $16 33. Nf4 (33. Rxd5 h6 $16) 33... d4 34. Bxd4 Bxd4) 33. Nxb2 (33. Rxd5 $6 Bxa3 34. Rd7 Ra8 $16) 33... Nxb2 {[%emt 0:00:01][%mdl 4096] Endgame [#] KRB-KRN} 34. Ra7 {[%emt 0:01:55] Prevents Ra8.} ({Resist} 34. Rxd5 $6 Nc4 $16) 34... Nc4 35. Bc5 ({Don't do} 35. Rxa6 f6 36. Bc5 Rc8) 35... Re8 36. Rxa6 f6 37. e3 h5 38. Ke2 {[%emt 0:01:30] Inhibits Nd2.} h4 39. gxh4 Re5 (39... Kf7 {is a better defense.} 40. a4 bxa4 41. Rxa4 Rh8 42. Ra7+ Kg6) 40. a4 bxa4 41. Rxa4 Re4 42. b5 {[%emt 0:02:53] Black must now prevent b6.} Re8 43. Rb4 Rb8 44. e4 {[%emt 0:02:01] White is clearly winning.} Re8 45. b6 {[%emt 0:11:17] Hoping for b7.} Rxe4+ (45... Na5 $142 46. b7 Nxb7) 46. Be3 Nd6 47. Rxe4 dxe4 {[%emt 0:00:06] KB-KN} 48. Bf4 Nb7 49. Ke3 Kf7 50. Kxe4 Ke6 51. h5 Na5 52. h6 {[%emt 0:00:00] Intending h7 and mate.} gxh6 53. Bxh6 Nc4 54. Be3 Nd6+ 55. Kf4 Kf7 56. Bc5 Nb7 57. Bd4 Nd6 58. h4 Kg6 59. Bc5 Nb7 {[%emt 0:04:30] [#]} 60. Be3 $1 {[%emt 0:00:00] Weighted Error Value: White=0.09 (flawless) /Black=0.28 (precise)} 1-0

[Event "HSK GM Invitational 2022"]
[Site "Hamburg"]
[Date "2022.05.26"]
[Round "8.5"]
[White "Svane, Frederik"]
[Black "Kotronias, Vasilios"]
[Result "1-0"]
[ECO "B31"]
[WhiteElo "2501"]
[BlackElo "2465"]
[Annotator "TA"]
[PlyCount "75"]
[EventDate "2022.05.20"]
[EventType "tourn"]
[EventCountry "GER"]
[SourceTitle "playchess.com"]
[Source "ChessBase"]
[SourceQuality "1"]
[TimeControl "40/5400+30:1800+30"]

1. e4 c5 2. Nf3 Nc6 3. Bb5 g6 4. Bxc6 bxc6 5. O-O Bg7 6. Re1 Nh6 7. c3 O-O 8. h3 {[%emt 0:00:04] B31: Sicilian: 2...Nc6 3 Bb5 g6.} f5 9. e5 Nf7 10. d4 {[%emt 0:00:09] The position is equal.} cxd4 11. cxd4 c5 12. dxc5 Bb7 13. Na3 Rc8 14. Be3 {[%emt 0:00:07] [#]} e6 $146 ({Black should play} 14... Bxf3 $11 15. Qxf3 Nxe5 16. Qd5+ Nf7) ({Predecessor:} 14... Bxf3 15. Qxf3 Nxe5 16. Qd5+ e6 17. Qd2 f4 18. Bd4 Rf5 19. Rad1 Nf3+ 20. gxf3 Qh4 21. Bxg7 Rcxc5 {½-½ (29) Wang,H (2702)-Gelfand,B (2729) Tbilisi 2017}) 15. Nc4 $14 g5 16. Qd4 {[%emt 0:08:14] Inhibits g4.} h5 17. Rac1 (17. Nd6 $16 Bxf3 18. Nxf7 (18. gxf3 Nxe5 19. Qd1 g4 $19) (18. Nxc8 $2 Qxc8 19. Bd2 Bd5 $19) 18... Rxf7 19. gxf3) 17... Rc7 (17... Bd5 $11 {keeps the balance.}) 18. Nd6 $16 g4 19. Nxf7 $1 {[%emt 0:01:41] White is much more active.} Kxf7 20. Ng5+ ({Better is} 20. Bg5 Qe8 21. Nh4) 20... Kg6 21. h4 Bd5 22. b4 Qa8 (22... Bxa2 $16 23. Ra1 Bd5) 23. b5 $18 Rfc8 24. Qf4 Bf8 $2 (24... Qb7 {is tougher.}) 25. c6 Bh6 26. f3 {[%emt 0:00:55] Black must now prevent fxg4.} dxc6 (26... Bxc6 $142 27. bxc6 Rxc6 28. Rxc6 Qxc6) 27. fxg4 Rf8 28. gxh5+ Kxh5 29. Red1 {[%emt 0:00:07][%cal Od1d5] Hoping for Rxd5!} c5 30. Bxc5 $2 (30. Rxc5 $18 {and White stays clearly on top.} Rxc5 31. Bxc5) 30... Rfc8 $16 {[%emt 0:02:40] [#]} 31. Be3 (31. Qf2 $6 Bxg5 32. g4+ (32. hxg5 Kg6 $11) 32... Kxg4 33. Rd4+ (33. hxg5 Rh8 $11) 33... Kh5 34. hxg5 Rh8 35. Rh4+ (35. Ba3 $2 Kg6 $19) 35... Kg6 36. Rh6+ Rxh6 37. gxh6 Kh7 $11) (31. Rd2 $1 $16) 31... Bxg2 $11 32. Rxc7 $40 {[%emt 0:00:45][%mdl 128] White attacks. Really sharp!} Rxc7 33. Qg3 Rc4 $2 34. Rd4 $2 ({But not} 34. Qxg2 $2 Rg4 35. Rd2 (35. Qxg4+ $2 fxg4 36. Rd7 Bxg5 $19) 35... Rxg2+ 36. Rxg2 Qd5 $19) (34. Bd4 $18 Bf3 35. Qxf3+ Qxf3 36. Nxf3) 34... Rxd4 $4 {[%mdl 8192] A mistake that costs the game.} (34... Rc3 $1 $11) 35. Bxd4 $18 {[%emt 0:00:01] Threatening mate with Nh7.} Bd5 (35... Qd5 $18 36. Nxe6 (36. Bxa7 Qxa2 37. Qf2 Bd5 $14) 36... Qxe6) 36. Nh7 {[%emt 0:00:31][%cal Rh7f6] White mates.} Bd2 37. Nf6+ Kh6 38. Be3+ {[%emt 0:00:07] Weighted Error Value: White=0.55/Black=0.73} 1-0

[Event "HSK GM Invitational 2022"]
[Site "Hamburg"]
[Date "2022.05.27"]
[Round "9.1"]
[White "Kotronias, Vasilios"]
[Black "Prohaszka, Peter"]
[Result "1/2-1/2"]
[ECO "B12"]
[WhiteElo "2465"]
[BlackElo "2579"]
[Annotator "TA"]
[PlyCount "193"]
[EventDate "2022.05.20"]
[EventType "tourn"]
[EventCountry "GER"]
[SourceTitle "playchess.com"]
[Source "ChessBase"]
[SourceQuality "1"]
[TimeControl "40/5400+30:1800+30"]

1. e4 c6 2. d4 d5 3. e5 Bf5 4. h4 h5 5. Bd3 Bxd3 6. Qxd3 {[%emt 0:00:05][%cal Oe5e6] B12: Caro-Kann: Advance Variation.} Qa5+ 7. Nd2 {[%emt 0:00:08][%cal Oe5e6] Strongly threatening e6!} e6 $1 8. Ngf3 Nh6 9. O-O Nf5 10. a4 {[%emt 0:00:52] 10.Nb3 is setting a new trend.} Qa6 11. c4 Be7 12. b3 O-O 13. Ba3 Bxa3 14. Rxa3 Qa5 {[%emt 0:00:07] [#]} 15. Rb1 $146 ({Predecessor:} 15. Rc1 Na6 16. Nf1 Qb4 17. Raa1 Qe7 18. Ng3 Nxh4 19. Nxh5 Nb4 20. Qc3 Nxf3+ 21. Qxf3 {½-½ (31) Baron,T (2531)-Bluebaum,M (2643) Douglas 2019}) 15... Qb4 16. Raa1 Rd8 $1 17. Nf1 c5 (17... Qe7 $1 $11) 18. cxd5 (18. Ne3 {with more complications.} Nxd4 19. Ng5 g6 20. cxd5 Kg7 21. d6) 18... Nxd4 19. Nxd4 (19. Ng5 {looks sharper.} Nf5 20. Ne3 Qxh4 21. Nxf7 Nxe3 22. fxe3 Rxd5 23. Qg6) 19... Qxd4 ({Resist} 19... Rxd5 {[#]} 20. Qb5 $1 Rxd4 21. Qe8+ Kh7 22. Qxf7 $16) 20. Qb5 a6 (20... Qxd5 $2 21. Rd1 $18) 21. Qe2 (21. Qxb7 $11 {remains equal.} Qxd5 22. Qxd5 Rxd5 23. Rd1) 21... Qxh4 (21... Rxd5 $17 22. Rd1 Qxh4 23. Rxd5 exd5) 22. dxe6 fxe6 23. Rc1 Nc6 (23... Rd5 $1 $15 24. Rc4 Qg5) 24. Rxc5 $11 Rd4 25. Ng3 Rg4 {[%emt 0:04:29] [#] And now ...Rxg3 would win.} 26. Rd1 Rf8 27. Rc4 Rxc4 28. bxc4 Qg4 (28... Rf4 {keeps more tension.} 29. Rd7 Rxc4 30. Rxb7 Rc1+) 29. Qxg4 {[%emt 0:05:30] The position is equal.} hxg4 {[%emt 0:00:01][%mdl 4096] Endgame KRN-KRN} 30. Re1 Rf4 31. Ne4 $1 Nxe5 32. Nc5 {[%emt 0:01:24][%csl LRb7,LRe5,LRe6] Against Nd3} Nf7 33. Rxe6 Rxc4 34. Nxb7 Rxa4 35. Nc5 Ra1+ 36. Kh2 a5 37. Ra6 Ra2 38. Ra7 Nh6 39. Ne6 Nf5 40. Ng5 g6 41. Ne4 Kf8 42. Nf6 Rxf2 {[%emt 0:00:00] Hoping for ...g3+.} 43. Nxg4 Ra2 44. Ne5 Nh4 45. Kh3 Nxg2 46. Nxg6+ Ke8 47. Re7+ Kd8 {[%emt 0:00:00][%cal Og2f4] Threatens to win with ...Nf4+!} 48. Re4 {[%emt 0:00:00] Inhibits Nf4+.} Kc7 49. Ne5 a4 50. Rxa4 Rxa4 51. Kxg2 {[%emt 0:00:00] KR-KN} Kd6 52. Nf3 Kd5 53. Kg3 Ke4 54. Ng5+ Ke3 55. Nh3 Ra1 56. Kg4 Rf1 57. Ng5 Kd4 58. Nf3+ Ke3 59. Ng5 Rf4+ 60. Kh5 Ra4 61. Kg6 Kf4 62. Nf7 Ra6+ 63. Kg7 Kg4 64. Nh6+ Kg5 65. Nf7+ Kf5 66. Nh6+ Ke5 67. Ng4+ Kf4 68. Nh6 Rb6 69. Nf7 Re6 70. Nh6 Ke5 71. Nf7+ Kd5 72. Ng5 Rb6 73. Nf7 Ra6 74. Ng5 Ke5 75. Nf7+ Ke6 76. Kg6 Ke7+ 77. Kg7 Re6 78. Ng5 Rf6 79. Ne4 Rf5 80. Kg6 Ke6 81. Ng5+ Ke5 82. Nf7+ Kf4 83. Nd6 Rf8 84. Nf7 Ra8 85. Kf6 Ra6+ 86. Kg7 Ke4 87. Nh6 Ke5 88. Nf7+ Ke6 89. Kg6 Ke7+ 90. Kg7 Ra8 91. Ng5 Rf8 92. Kg6 Rf6+ 93. Kh5 Rf5 {[%emt 0:00:13] ( -> ...Kf6)} 94. Kg4 Kf6 95. Nf3 Rxf3 96. Kxf3 Ke5 97. Kg3 {Weighted Error Value: White=0.08 (flawless) /Black=0.09 (flawless)} 1/2-1/2

[Event "HSK GM Invitational 2022"]
[Site "Hamburg"]
[Date "2022.05.27"]
[Round "9.2"]
[White "Koellner, Ruben Gideon"]
[Black "Svane, Frederik"]
[Result "0-1"]
[ECO "A46"]
[WhiteElo "2440"]
[BlackElo "2501"]
[Annotator "TA"]
[PlyCount "102"]
[EventDate "2022.05.20"]
[EventType "tourn"]
[EventCountry "GER"]
[SourceTitle "playchess.com"]
[Source "ChessBase"]
[SourceQuality "1"]
[TimeControl "40/5400+30:1800+30"]

1. d4 d6 2. Nf3 Nf6 3. Nbd2 Bf5 4. h3 Nc6 {[%emt 0:07:20] [#]} 5. g4 $146 ({Predecessor:} 5. c4 Qd7 6. a3 e5 7. dxe5 dxe5 8. e3 Be7 9. Be2 Bd3 10. O-O e4 11. Ne1 {1-0 (44) Geisler,P-Heeger,K (1332) Germany 2002}) 5... Bg6 6. c3 {[%emt 0:00:09] A46: 1 d4 Nf6 2 Nf3 e6: Torre, London and Colle Systems.} e5 (6... h6 $5 ) 7. dxe5 dxe5 8. Nh4 {[%emt 0:09:15] White is slightly better.} Qd7 9. Bg2 O-O-O 10. Nxg6 hxg6 11. Qa4 Nd5 12. Nc4 Qe6 13. Be3 a6 14. O-O-O Be7 15. Rd2 Rd7 16. Rhd1 Rhd8 17. Qc2 (17. Rxd5 $11 {keeps the balance.} Rxd5 18. Bxd5 Rxd5 19. Rxd5 Qxd5 20. f3) 17... b5 (17... Nxe3 $17 18. Nxe3 Rxd2 19. Rxd2 Qxa2) 18. Rxd5 $15 Rxd5 19. Rxd5 (19. Bxd5 $11 {remains equal.} Rxd5 20. Nd2) 19... Rxd5 $17 20. Bxd5 Qxd5 21. Nd2 Qxa2 {[%emt 0:00:44] Black is more active.} 22. Qe4 Qe6 23. g5 Kd7 24. b4 Bd6 25. h4 a5 26. Qd3 axb4 27. Qxb5 (27. cxb4 $17 Qa2 28. Bc5) 27... Qa2 (27... bxc3 $19 28. Nb3 Bb4) 28. cxb4 {[%emt 0:01:42] [#]} Qa3+ $1 ({Stronger than} 28... Bxb4 29. Ne4 $17) 29. Kc2 Qxb4 ({Reject} 29... Bxb4 $6 30. Qd5+ Bd6 31. Qxf7+ Ne7 32. Qc4 $11) 30. Qd5 (30. Qc4 $17) 30... Qa4+ $19 31. Kb1 {[%emt 0:00:21] [#]} Qc2+ $3 32. Kxc2 Nb4+ 33. Kb3 Nxd5 {[%emt 0:00:05][%mdl 4096] Endgame KBN-KBN} 34. Kc4 Ke6 35. Ba7 {[%emt 0:01:06] [#]} Nf4 $1 36. e4 Ng2 37. Nf3 f5 38. gxf6 gxf6 39. Be3 $2 (39. Bc5 {is a better chance.}) 39... Nxe3+ {[%emt 0:01:07] Black is clearly winning.} 40. fxe3 {[%emt 0:00:01] KB-KN} Be7 41. h5 (41. Kc3 $142 f5 42. Kd3) 41... gxh5 42. Nh4 c6 {[%emt 0:00:33] ...Bd6 is the strong threat.} 43. Nf5 Bf8 44. Nh4 Kf7 {[%emt 0:02:06] And now ...Bh6 would win.} 45. Kd3 Bb4 46. Kc4 Be1 47. Nf3 Bg3 {[%emt 0:00:04] Hoping for ...h4.} 48. Kc5 h4 49. Ng1 Bf2 50. Nh3 Bxe3+ 51. Kxc6 Kg6 {[%emt 0:00:33] Weighted Error Value: White=0.57/Black=0.06 (flawless)} 0-1